 Dungeon Crawl Stone Soup version 0.30-b1-2-g02819fbbbe (webtiles) character file.

Game seed: 9397123565167372348

135391 LLlMATKO the Warrior (level 16, -1/157 HPs)
             Began as a Minotaur Berserker on Aug 12, 2023.
             Was a High Priest of Trog.
             Slain by a merfolk
             ... wielding a +0 trident
              (15 damage)
             ... on level 1 of the Shoals.
             The game lasted 00:26:39 (27334 turns).

LLlMATKO the Warrior (Minotaur Berserker)          Turns: 27334, Time: 00:26:40

Health: -1/157     AC: 28    Str: 27    XL:     16   Next: 64%
Magic:  15/15      EV: 19    Int:  4    God:    Trog [*****.]
Gold:   2545       SH:  8    Dex: 13    Spells: 15/15 levels left

rFire   + + +        o - +10 war axe "Sialytog" {venom, *Noise rElec rF+++ Str-5}
rCold   + . .        p - +2 buckler {rC+ rF+}
rNeg    . . .        L - +0 plate armour
rPois   +            v - +1 hat
rElec   +            S - +2 cloak {rC+}
rCorr   .            X - +2 pair of gloves
SInv    +            q - +0 pair of boots
Will    ++...        d - amulet of Deppolel {Acrobat rElec rC- Will+} Stlth
                     Q - ring of Grace {rPois EV+5 Str+5}
HPRegen 0.46/turn    N - ring of see invisible
MPRegen 0.14/turn

%: acrobat
@: on berserk cooldown, slowed, very slow
A: horns 2, retaliatory headbutt
a: Renounce Religion, Berserk, Trog's Hand, Brothers in Arms


You were on level 1 of the Shoals.
You worshipped Trog.
Trog was extremely pleased with you.
You visited 4 branches of the dungeon, and saw 22 of its levels.
You also visited: Ice Cave.

You collected 2545 gold pieces.

Inventory:

Hand Weapons
 o - the +10 war axe "Sialytog" (weapon) {venom, *Noise rElec rF+++ Str-5}
   (You found it on level 13 of the Dungeon)

   Str:       It affects your strength (-5).
   rF:        It renders you almost immune to fire.
   rElec:     It insulates you from electricity.
   *Noise:    It may make noises in combat.
 I - a +2 vampiric hand axe
 K - a +0 hand axe of draining
 W - a +3 broad axe of flaming
Missiles
 A - 3 throwing nets
 E - 7 javelins (quivered)
Armour
 p - a +2 buckler of resistance (worn)
 q - a +0 pair of boots (worn)
 v - a +1 hat (worn)
 L - a +0 plate armour (worn)
 S - a +2 cloak of cold resistance (worn)
 X - a +2 pair of gloves (worn)
Jewellery
 a - an amulet of guardian spirit
 b - a ring of ice
 d - the amulet of Deppolel (around neck) {Acrobat rElec rC- Will+}
   (You found it on level 4 of the Lair of Beasts)

   [amulet of the acrobat]

   It increases your evasion while moving and waiting.
   rC:        It makes you vulnerable to cold.
   rElec:     It insulates you from electricity.
   Will:      It increases your willpower.
 h - an amulet of faith
 x - a +6 ring of strength
 J - a ring of resist corrosion
 N - a ring of see invisible (right hand)
 P - the ring "Acikil" {Will+ Str-5 Int+5 Dex-2}
   (You took it off a centaur warrior on level 9 of the Dungeon)

   [ring of willpower]

   Str:       It affects your strength (-5).
   Int:       It affects your intelligence (+5).
   Dex:       It affects your dexterity (-2).
   Will:      It increases your willpower.
 Q - the ring of Grace (left hand) {rPois EV+5 Str+5}
   (You took it off a rakshasa on level 9 of the Dungeon)

   [ring of evasion]

   EV:        It affects your evasion (+5).
   Str:       It affects your strength (+5).
   rPois:     It protects you from poison.
Wands
 t - a wand of acid (5)
 z - a wand of flame (89)
 R - a wand of roots (17)
 T - a wand of polymorph (15)
 Y - a wand of charming (10)
 Z - a wand of digging (14)
Scrolls
 c - 2 scrolls of blinking {unknown}
 e - a scroll of summoning
 f - 5 scrolls of enchant weapon
 g - a scroll of acquirement {unknown}
 i - 3 scrolls of magic mapping
 j - 5 scrolls of fear
 r - 4 scrolls of fog
 s - 2 scrolls of brand weapon {unknown}
 u - 18 scrolls of teleportation
 w - a scroll of enchant armour
 y - 6 scrolls of identify
 F - a scroll of silence
Potions
 k - 13 potions of curing
 l - 7 potions of flight
 m - 5 potions of ambrosia
 n - 4 potions of haste
 B - 4 potions of heal wounds
 C - 4 potions of resistance
 G - 4 potions of cancellation
 M - 2 potions of might
 V - 3 potions of invisibility {unknown}


   Skills:
 + Level 17.8 Fighting
 + Level 17.8 Axes
 + Level 17.6 Armour
 + Level 16.3 Dodging
 + Level 10.3 Shields


You had 15 spell levels left.
You didn't know any spells.
Your spell library was empty.

Dungeon Overview and Level Annotations

Branches:
Dungeon (15/15)            Temple (0/1) D:7            Lair (5/5) D:8
 Shoals (1/4) Lair:2        Snake (0/4) Lair:2        Slime (0/5) Lair:5
    Orc (1/2) D:10         Vaults (0/5) D:14         Depths (0/4) D:15
  IceCv (visited)

Altars:
Ashenzari
Elyvilon
Fedhas
Gozag
Makhleb
Nemelex Xobeh
Ru
Uskayaw
Xom
Jiyva

Shops:
Shoals:1 *(

Annotations:
D:6 3 runed translucent doors, Darold's ghost, novice HuVM


Innate Abilities, Weirdness & Mutations

You have a pair of horns on your head.
You reflexively headbutt those who attack you in melee.


Message History

The merfolk closely misses you. The water nymph closely misses you.
You struggle against the net.
You feel your anger nearly subside.
The merfolk hits you but does no damage.
You shred the net and break free!
You are no longer berserk.
You are exhausted.
You feel yourself slow down.
You kill the water nymph!
Trog accepts your kill.
Trog appreciates your killing of a magic user.
The merfolk misses you. The merfolk closely misses you.
Found Donayxze's Merfolk Weapons.
You block the merfolk's attack. The merfolk completely misses you.
You block the merfolk's attack. The merfolk completely misses you.
You furiously retaliate!
You headbutt the merfolk.
The merfolk hits you but does no damage. x2
Things that are here:
a +0 trident; a merfolk corpse You slice the merfolk!!
The merfolk is heavily wounded.
You closely miss the merfolk. You slash the merfolk!
The merfolk is poisoned.
You block the merfolk's attack.
The merfolk hits you but does no damage. x2
Unknown command.
You slash the merfolk!
The merfolk looks as sick as possible!
Your headbutt misses the merfolk.
The merfolk is severely wounded.
You slice the merfolk!!
The merfolk looks as sick as possible!
You slash the merfolk!
The merfolk looks as sick as possible!
The merfolk misses you. The merfolk hits you with a +0 trident!
* * * LOW HITPOINT WARNING * * *
The merfolk hits you but does no damage.
You slice the merfolk!!
The merfolk looks as sick as possible!
Your headbutt misses the merfolk.
The merfolk is severely wounded.
You hit the merfolk but do no damage.
The merfolk looks as sick as possible!
You hit the merfolk.
The merfolk looks as sick as possible!
You block the merfolk's attack. The merfolk hits you with a +0 trident!
You die...

≈≈≈≈≈≈≈≈≈≈≈≈≈≈≈
≈≈≈≈≈≈≈≈≈≈≈≈≈≈≈≈≈
≈≈≈≈≈≈≈≈≈≈≈≈≈≈≈≈≈≈
≈≈≈≈≈≈≈≈≈≈≈≈≈≈≈≈≈≈≈
≈≈≈≈≈≈≈≈≈≈≈≈.∩≈≈≈≈∩
≈≈≈≈≈≈≈≈~≈~~.~≈≈≈≈≈
≈≈≈≈≈≈~~~~≈m.m~~≈≈≈≈
≈≈≈≈≈≈~~~~~))@~≈≈≈≈≈≈
≈≈≈≈≈≈≈≈~~~~$~))~m≈≈≈≈≈≈
≈≈≈≈≈≈≈≈~~~~~~~†~~≈≈≈≈≈≈
≈≈≈≈≈≈≈≈~~~~.~~~~~≈≈≈≈≈≈
≈≈≈≈≈≈≈≈~~~~..~~~~≈≈≈≈≈≈≈
≈≈≈≈≈≈≈≈~~~~..~~~~≈≈≈≈≈≈≈≈
≈≈≈≈≈≈≈~~~~~.~~~~~≈≈≈≈≈≈≈≈≈
~≈≈≈≈≈≈~~~~~~~~~~~≈≈≈≈≈≈≈≈≈≈
~≈≈≈≈≈≈~~~~~~~~~~~≈≈≈≈≈≈≈≈≈≈#


You could see 3 merfolk.

Vanquished Creatures
  Jorgrun (D:14)
  Rupert (D:14)
  Gastronok (D:8)
  Kirke (Lair:3)
  2 azure jellies (IceCv)
  A quicksilver ooze (shapeshifter) (D:14)
  A quicksilver ooze (IceCv)
  2 stone giants
  The ghost of Raneoc the Severer, a journeyman MiFi of Okawaru (Lair:4)
  A fire dragon (Lair:1)
  Snorg (D:13)
  The ghost of Termiter the Reanimator, a journeyman DsNe of Nemelex Xobeh (Lair:4)
  A rakshasa (D:9)
  Josephine (D:13)
  The ghost of carontestyx the Basher, a journeyman AtWr of Nemelex Xobeh (Lair:1)
  4 hydras
  3 vault guards (D:14)
  The ghost of Cris the Blocker, a journeyman DsFi of Gozag (D:12)
  2 catoblepae
  7 centaur warriors
  9 boulder beetles
  An ogre mage (D:14)
  10 two-headed ogres
  10 death yaks
  3 tengu warriors (D:15)
  A deep troll shaman (Lair:5)
  2 alligators (D:13)
  A dancing weapon (D:12)
  Urug (D:10)
  Sonja (D:12)
  3 skysharks
  5 skeletal warriors
  A flayed ghost (D:13)
  A sea snake (Shoals:1)
  2 lindwurms (Lair:5)
  A harpy (Lair:2)
  7 deep elf pyromancers
  A wolf spider (D:15)
  4 orc knights
  13 cyclopes
  4 manticores
  3 fauns (Shoals:1)
  An oklob plant (Lair:1)
  18 ugly things
  16 elephants
  3 ice statues (IceCv)
  2 demonic crawlers (D:13)
  10 black mambas
  5 water nymphs (Shoals:1)
  7 cane toads
  Maggie (D:10)
  2 unseen horrors (D:13)
  A rime drake (Lair:5)
  9 komodo dragons
  A kobold demonologist (D:14)
  A tengu conjurer (D:14)
  2 efreet
  2 yaktaurs
  7 merfolk (Shoals:1)
  7 trolls
  A wind drake (shapeshifter) (D:14)
  3 polar bears
  A polar bear (shapeshifter) (D:13)
  A wind drake (Shoals:1)
  A meliai (D:13)
  Grinder (D:3)
  2 snapping turtles (Shoals:1)
  A hornet (D:11)
  16 blink frogs
  6 dream sheep (Lair:5)
  24 slime creatures
  A centaur simulacrum (D:15)
  Sigmund (D:3)
  2 shadows
  11 wyverns
  Grum (D:9)
  5 basilisks
  2 humans (D:14)
  A vampire (D:12)
  A wyvern (shapeshifter) (D:13)
  An unseen horror simulacrum (D:9)
  A steam dragon (D:9)
  5 wraiths
  A basilisk (shapeshifter) (D:13)
  3 hogs (Lair:3)
  31 yaks
  9 vampire mosquitoes
  Menkaure (D:7)
  Edmund (D:6)
  5 acid dragons
  2 hell hounds (D:13)
  29 water moccasins
  3 black bears
  A swamp drake (D:10)
  An ice beast (D:7)
  5 orc warriors
  5 great orb of eyes simulacra (IceCv)
  6 ogres
  18 wolves
  6 centaurs
  A phantom (D:5)
  3 slime creature simulacra (IceCv)
  3 kobold brigands
  4 gnoll sergeants
  14 bullfrogs
  8 scorpions
  12 wights
  A glowing shapeshifter simulacrum (IceCv)
  2 electric eels
  12 howler monkeys
  2 lava snakes (D:12)
  9 orc priests
  A jelly (Lair:5)
  8 hounds
  7 iguanas
  A sleepcap (D:5)
  12 orc wizards
  Natasha (thrice) (D:3)
  2 shapeshifter simulacra (IceCv)
  A mummy (D:6)
  20 gnolls
  8 adders
  A shadow imp (D:7)
  2 white imps
  A worm (D:2)
  2 dart slugs
  59 orcs
  12 ball pythons
  7 endoplasms
  12 giant cockroaches
  9 goblins
  7 hobgoblins
  8 jackals
  25 kobolds
  2 quokkas
  8 bats
  11 frilled lizards
  A hobgoblin zombie (D:6)
  A kobold zombie (D:6)
  2 orc zombies (D:6)
  6 rats
  A bush (Lair:1)
  A butterfly (D:3)
741 creatures vanquished.

Vanquished Creatures (collateral kills)
  A frost giant (D:13)
  The ghost of zielscheibe the Thaumaturge, a journeyman DEIE of Gozag (Lair:4)
  A hydra (D:14)
  A boulder beetle (D:14)
  A death knight (D:14)
  A tengu warrior (D:13)
  A deep troll earth mage (D:13)
  A fire crab (shapeshifter) (D:13)
  2 ugly things
  A manticore (D:14)
  A tengu conjurer (D:14)
  2 yaks (D:9)
  A vampire mosquito (D:14)
15 creatures vanquished.

Vanquished Creatures (others)
  A deep elf pyromancer (D:13)
  2 humans (Lair:3)
  14 fungi
  44 plants
  4 withered plants (Lair:4)
65 creatures vanquished.

Grand Total: 821 creatures vanquished

Notes
Turn   | Place    | Note
-------+----------+-------------------------------------------
     0 | D:1      | LLlMATKO the Minotaur Berserker began the quest for the
                  | Orb.
     0 | D:1      | Reached XP level 1. HP: 19/19 MP: 0/0
   106 | D:1      | Reached XP level 2. HP: 25/27 MP: 1/1
   340 | D:1      | Reached ** piety under Trog
   362 | D:1      | Reached XP level 3. HP: 33/33 MP: 2/2
  1301 | D:2      | Reached XP level 4. HP: 39/40 MP: 3/3
  2079 | D:3      | Noticed Grinder
  2084 | D:3      | Paralysed by Grinder for 4 turns
  2096 | D:3      | Killed Grinder
  2097 | D:3      | Reached skill level 5 in Fighting
  2097 | D:3      | Reached skill level 5 in Axes
  2097 | D:3      | Reached XP level 5. HP: 48/48 MP: 4/4
  2097 | D:3      | Reached XP level 6. HP: 56/56 MP: 5/5
  2173 | D:3      | Found a sacrificial altar of Ru.
  2357 | D:3      | Reached *** piety under Trog
  2403 | D:3      | Noticed Natasha
  2412 | D:3      | Killed Natasha
  2504 | D:3      | Found a shimmering altar of Xom.
  2525 | D:3      | Noticed Natasha
  2531 | D:3      | Killed Natasha
  2606 | D:3      | Found a faded altar of an unknown god.
  2800 | D:3      | Noticed Sigmund
  2805 | D:3      | Killed Sigmund
  2806 | D:3      | Reached skill level 5 in Armour
  2806 | D:3      | Reached XP level 7. HP: 62/62 MP: 6/6
  3086 | D:3      | Noticed Natasha
  3092 | D:3      | Killed Natasha
  4128 | D:5      | Entered Level 5 of the Dungeon
  4140 | D:5      | Reached skill level 5 in Dodging
  4452 | D:5      | Reached **** piety under Trog
  4494 | D:5      | Reached XP level 8. HP: 71/71 MP: 7/7
  5676 | D:6      | Found a hide-covered altar of Uskayaw.
  5679 | D:6      | Found a sparkling altar of Nemelex Xobeh.
  5680 | D:6      | Found a burning altar of Makhleb.
  5680 | D:6      | Found a blossoming altar of Fedhas.
  5680 | D:6      | Noticed Edmund
  5689 | D:6      | Killed Edmund
  5952 | D:6      | Found a broken altar of Ashenzari.
  6227 | D:6      | Noticed Darold's ghost (novice HuVM)
  6228 | D:6      | Noticed a kobold demonologist
  6228 | D:6      | Found a runed translucent gate.
  6228 | D:6      | Found a runed translucent gate.
  6228 | D:6      | Found a runed translucent gate.
  6670 | D:7      | Reached XP level 9. HP: 81/81 MP: 8/8
  6921 | D:7      | Found a white marble altar of Elyvilon.
  6962 | D:7      | Found a staircase to the Ecumenical Temple.
  7269 | D:7      | Noticed Menkaure
  7275 | D:7      | Killed Menkaure
  7650 | D:8      | Found a staircase to the Lair.
  7852 | D:8      | Noticed Gastronok
  7876 | D:8      | Killed Gastronok
  7877 | D:8      | Reached XP level 10. HP: 29/91 MP: 9/9
  8404 | D:9      | Noticed an orc knight
  8413 | D:9      | Killed an orc knight
  8414 | D:9      | Reached skill level 10 in Fighting
  8486 | D:9      | Reached skill level 10 in Axes
  8495 | D:9      | Identified the ring "Acikil" {Will+ Str-5 Int+5 Dex-2}
  8495 | D:9      | Noticed a centaur warrior
  8507 | D:9      | Killed a centaur warrior
  8512 | D:9      | Reached skill level 10 in Armour
  8512 | D:9      | Noticed a green ugly thing
  8517 | D:9      | Killed a green ugly thing
  8737 | D:9      | Noticed a two-headed ogre
  8746 | D:9      | Killed a two-headed ogre
  8758 | D:9      | Reached XP level 11. HP: 68/101 MP: 10/10
  9041 | D:9      | Identified the ring of Grace {rPois EV+5 Str+5}
  9041 | D:9      | Noticed a rakshasa
  9074 | D:9      | Killed a rakshasa
  9078 | D:9      | Reached skill level 10 in Dodging
  9091 | D:9      | Reached ***** piety under Trog
  9132 | D:9      | Noticed a boulder beetle
  9141 | D:9      | Noticed Grum
  9155 | D:9      | Killed Grum
  9232 | D:9      | Killed a boulder beetle
  9865 | D:10     | Entered Level 10 of the Dungeon
  9944 | D:10     | Noticed Maggie
  9956 | D:10     | Killed Maggie
 10037 | D:10     | Noticed Urug
 10054 | D:10     | Killed Urug
 10355 | D:10     | Found a staircase to the Orcish Mines.
 10689 | D:10     | Found an opulent altar of Gozag.
 10721 | D:10     | Received a gift from Trog
 11060 | D:11     | Found a frozen archway.
 11070 | IceCv    | Entered an ice cave
 11343 | IceCv    | Reached XP level 12. HP: 112/112 MP: 11/11
 11649 | IceCv    | Noticed a quicksilver ooze
 11655 | IceCv    | Killed a quicksilver ooze
 12327 | IceCv    | Found a viscous altar of Jiyva.
 12327 | IceCv    | Noticed an azure jelly
 12335 | IceCv    | Killed an azure jelly
 12419 | IceCv    | Noticed an azure jelly
 12426 | IceCv    | Killed an azure jelly
 12485 | IceCv    | Got the ring "Viukhlev" {Ice rElec MP+9 Stlth+}
 12870 | D:11     | Noticed a two-headed ogre
 12877 | D:11     | Killed a two-headed ogre
 13241 | Lair:1   | Entered Level 1 of the Lair of Beasts
 13294 | Lair:1   | Noticed a fire dragon
 13306 | Lair:1   | Killed a fire dragon
 13810 | Lair:1   | Found a blossoming altar of Fedhas.
 14405 | Lair:1   | Found a runed translucent door.
 14406 | Lair:1   | Noticed carontestyx's ghost (journeyman AtWr)
 14647 | Lair:1   | Killed carontestyx's ghost
 14648 | Lair:1   | Reached XP level 13. HP: 123/123 MP: 12/12
 14947 | Lair:2   | Found a staircase to the Snake Pit.
 15022 | Lair:2   | Found a staircase to the Shoals.
 16041 | Lair:3   | Received a gift from Trog
 16256 | Lair:3   | Noticed Kirke
 16272 | Lair:3   | Killed Kirke
 17178 | Lair:4   | Reached skill level 15 in Fighting
 17182 | Lair:4   | Reached skill level 15 in Axes
 17455 | Lair:4   | Reached skill level 1 in Shields
 17519 | Lair:4   | Found a runed translucent gate.
 17519 | Lair:4   | Found a runed translucent gate.
 17519 | Lair:4   | Found a runed translucent gate.
 17521 | Lair:4   | Noticed Termiter's ghost (journeyman DsNe)
 17521 | Lair:4   | Noticed Raneoc's ghost (journeyman MiFi)
 17521 | Lair:4   | Noticed zielscheibe's ghost (journeyman DEIE)
 17614 | Lair:4   | Reached XP level 14. HP: 135/135 MP: 13/13
 17948 | Lair:4   | Killed Termiter's ghost
 17951 | Lair:4   | Killed Raneoc's ghost
 17954 | Lair:4   | Killed zielscheibe's ghost
 17955 | Lair:4   | Reached skill level 15 in Armour
 17980 | Lair:4   | Identified the amulet of Deppolel {Acrobat rElec rC- Will+}
 18020 | Lair:5   | Entered Level 5 of the Lair of Beasts
 19037 | Lair:5   | Found a staircase to the Slime Pits.
 19038 | Lair:5   | Found a viscous altar of Jiyva.
 19233 | Lair:5   | Reached skill level 5 in Shields
 19399 | Lair:5   | Identified the +2 chain mail of Noon {rElec}
 19952 | Orc:1    | Entered Level 1 of the Orcish Mines
 20358 | D:12     | Noticed Sonja
 20370 | D:12     | Killed Sonja
 20545 | D:12     | Found a runed translucent door.
 20546 | D:12     | Found a shimmering altar of Xom.
 20546 | D:12     | Noticed Cris's ghost (journeyman DsFi)
 21301 | D:12     | Killed Cris's ghost
 21421 | D:13     | Noticed Snorg
 21429 | D:13     | Killed Snorg
 21647 | D:13     | Received a gift from Trog
 21804 | D:13     | Reached XP level 15. HP: 144/144 MP: 14/14
 21820 | D:13     | Identified the +8 chain mail of the Swamp {Dex+2}
 22050 | D:13     | Noticed Josephine
 22057 | D:13     | Killed Josephine
 22463 | D:13     | You fall into a shaft and drop 1 floor!
 22491 | D:14     | Reached skill level 15 in Dodging
 22526 | D:15     | Entered Level 15 of the Dungeon
 22705 | D:14     | Noticed Jorgrun
 22719 | D:14     | Killed Jorgrun
 23154 | D:13     | Received a gift from Trog
 23176 | D:13     | Identified the +10 war axe "Sialytog" {venom, *Noise rElec
                  | rF+++ Str-5}
 23595 | D:13     | Noticed a frost giant
 23608 | D:13     | Killed a frost giant
 24347 | D:14     | Noticed Rupert
 24362 | D:14     | Killed Rupert
 24600 | D:14     | Reached XP level 16. HP: 155/155 MP: 15/15
 25213 | D:14     | Found a gate to the Vaults.
 25900 | D:15     | Found a staircase to the Depths.
 26703 | Shoals:1 | Entered Level 1 of the Shoals
 26716 | Shoals:1 | Reached skill level 10 in Shields
 27308 | Shoals:1 | Found Donayxze's Visitors' Centre.
 27321 | Shoals:1 | Received a gift from Trog
 27331 | Shoals:1 | Found Donayxze's Merfolk Weapons.
 27334 | Shoals:1 | Slain by a merfolk

Illustrated notes

Levels and vault maps discovered:
D:1:      dpeg_chamrin_arrival_tetris, layout_basic
D:2:      layout_basic
D:3:      cheibrodos_pilgrimage, layout_loops_ring, xom_butterflies,
          mainiacjoe_overflow_brackets, ebering_ecumenical_altar_box,
          grunt_ministairs_11, minmay_misc_feat_encased, uniq_grinder,
          uniq_sigmund, uniq_natasha
D:4:      layout_loops_corners, roderic_nine_men_s_morris, kennysheep_potato
D:5:      layout_basic, hangedman_minor_gate_pass
D:6:      layout_basic, grunt_temple_overflow_open,
          gammafunk_ghost_nasty_kobolds, minmay_mini_ossuary, uniq_edmund
D:7:      layout_rooms, nicolae_elyvilon_peaceful_grove,
          minmay_temple_entry_proselytizer, chequers_avenue, uniq_menkaure
D:8:      layout_rooms, lair_entry_dummy, uniq_gastronok
D:9:      minmay_the_grid_3x3 [minmay_the_grid_dragon_b, minmay_the_grid_empty,
          minmay_the_grid_box_x, minmay_the_grid_spikes,
          minmay_the_grid_spin_star, minmay_the_grid_armoury,
          minmay_the_grid_tiny_cups, minmay_the_grid_plusring,
          minmay_the_grid_prize_trominoes], layout_long_grid,
          minmay_fountain_box, uniq_grum
D:10:     layout_basic, kennysheep_little_box, erik_orc_1, st_stairs_2,
          minmay_misc_feat_plants, uniq_maggie, uniq_urug
D:11:     layout_loops_ring, portal_ice_cave_entry_pillars_2,
          dreamdust_wishing_well
D:12:     layout_basic, ebering_ghost_xom, nicolae_kite_square_tiling_tiny,
          uniq_sonja
D:13:     minmay_nested_s, layout_basic, roderic_lattice_a,
          hangedman_parallel_progression, uniq_josephine, uniq_snorg
D:14:     layout_roguey, grunt_vaults_entry_fortified,
          chequers_serial_rivers_room_a, kennysheep_kite_vault, uniq_rupert,
          uniq_jorgrun
D:15:     grunt_enter_depths_snipers, layout_gridville,
          minmay_increasing_density
Lair:1:   dragon1_lemuel, layout_cave_pods, gammafunk_ghost_grave, tgw_fedhas,
          grunt_megastairs_5
Lair:2:   layout_concentric_octagons, nicolae_shoals_entry_roost,
          minmay_snake_entry_six_corridors
Lair:3:   layout_gridlike, uniq_kirke
Lair:4:   layout_misc_corridors, gammafunk_ghost_cemetery, st_stairs_3,
          serial_bayou_shore_a, grunt_megastairs_3
Lair:5:   grunt_lair_end_beastmaster, layout_misc_corridors,
          minmay_slime_entry_pillars, minmay_stone_trees_small
Shoals:1: nicolae_shoals_mermall, layout_shoals, nicolae_shoals_square_sea_wall
Orc:1:    layout_caves, nicolae_orc_sculptors_studio

Skill      XL: |  1  2  3  4  5  6  7  8  9 10 11 12 13 14 15 16 |
---------------+-------------------------------------------------+-----
Fighting       | 4 5 6 7 9 10 12 13 15 16 17 | 17.8
Axes           | 4 5 6 7 9 10 12 13 15 16 17 | 17.8
Armour         | 3 4 5 6 7 9 10 12 13 14 15 16 17 | 17.6
Dodging        | 3 4 5 6 8 9 11 12 13 14 15 16 | 16.3
Shields        | 1 6 8 10 | 10.3

Action                     |  1- 3 |  4- 6 |  7- 9 | 10-12 | 13-15 | 16-18 || total
---------------------------+-------+-------+-------+-------+-------+-------++-------
  Melee: Hand axe          |    85 |    91 |    90 |   313 |       |       ||   579
         Headbutt          |    13 |    11 |    48 |   111 |   221 |    84 ||   488
         Punch             |     1 |       |     2 |     4 |       |       ||     7
         War axe           |       |       |   176 |       |    74 |   303 ||   553
         Broad axe         |       |       |       |   178 |   790 |       ||   968
  Throw: Javelin           |       |       |       |       |     3 |       ||     3
 Invoke: Berserk           |       |     4 |     6 |    19 |     8 |     3 ||    40
         Trog's Hand       |       |       |       |     3 |     6 |     1 ||    10
         Brothers in Arms  |       |       |       |     1 |     4 |     1 ||     6
    Use: Scroll            |       |       |       |     5 |    25 |       ||    30
   Stab: Petrified         |       |       |       |       |     6 |       ||     6
 Armour: Animal skin       |    10 |    14 |       |       |       |       ||    24
         Chain mail        |       |     2 |   127 |       |       |       ||   129
         Plate armour      |       |       |    20 |   209 |   394 |   103 ||   726
  Dodge: Dodged            |    53 |    68 |   130 |   234 |   712 |   208 ||  1405
  Block: Buckler           |       |       |       |    14 |   192 |   121 ||   327
